 Dungeon Crawl Stone Soup version 0.18.1-48-g4cf74bf (webtiles) character file.

46832 Inkary the Fighter (level 14, -3/133 HPs)
             Began as a Minotaur Fighter on July 2, 2016.
             Was a High Priest of Okawaru.
             Slain by an eight-headed hydra (12 damage)
             ... on level 8 of the Lair of Beasts on July 18, 2016.
             The game lasted 01:39:34 (17114 turns).

Inkary the Fighter (Minotaur Fighter)              Turns: 17114, Time: 01:39:35

Health: -3/133     AC: 15    Str: 26    XL:     14   Next: 6%
Magic:  0/22       EV: 10    Int:  6    God:    Okawaru [*****.]
Gold:   1372       SH: 16    Dex: 19    Spells: 2 memorised, 8 levels left

rFire  + + .     SeeInvis .     P - +2 mace of Moqegug {vamp, *Noise rPois rF+ Dex+6}
rCold  + . .     Gourm    .     O - +0 troll leather armour
rNeg   . . .     Faith    .     g - +2 shield {rF+}
rPois  +         Spirit   +     M - +2 hat of the Morning {rC+ rCorr}
rElec  .         Dismiss  .     w - +2 cloak
rCorr  +         Reflect  .     (no gloves)
SustAt .         Harm     .     (no boots)
MR     +....                    F - amulet of guardian spirit
Stlth  ++........               E - +4 ring of strength
                                C - +3 ring of protection

@: about to teleport, somewhat resistant to hostile enchantments, unstealthy
A: retaliatory headbutt, horns 2, molten scales 1
a: Heroism, Finesse, Renounce Religion


You were on level 8 of the Lair of Beasts.
You worshipped Okawaru.
Okawaru was extremely pleased with you.
You were not hungry.

You visited 3 branches of the dungeon, and saw 18 of its levels.
You also visited: Labyrinth and Volcano.

You collected 1561 gold pieces.

Inventory:

Hand Weapons
 n - a +1 spear of flaming
 P - the +2 mace of Moqegug (weapon) {vamp, *Noise rPois rF+ Dex+6}
   (Okawaru gifted it to you on level 9 of the Dungeon)

   It inflicts no extra harm, but heals its wielder somewhat when it strikes a
   living foe.
   It affects your dexterity (+6).
   It protects you from fire.
   It protects you from poison.
   It may make noises in combat.
Armour
 c - the +0 ring mail of Experimentation {-Cast +Fly Str+5}
   (You found it on level 2 of the Lair of Beasts)

   It affects your strength (+5).
   It lets you fly.
   It prevents spellcasting.
 g - a +2 shield of fire resistance (worn)
 w - a +2 cloak (worn)
 H - a +3 plate armour of fire resistance
 M - the +2 hat of the Morning (worn) {rC+ rCorr}
   (You found it on level 1 of the Lair of Beasts)

   It protects you from cold.
   It protects you from acid and corrosion.
 O - a +0 troll leather armour (worn)
 V - the +4 skin of Zhor {rC+++}
   (You found it in a labyrinth)

   It renders you almost immune to cold.
Jewellery
 z - a +3 ring of intelligence
 C - a +3 ring of protection (left hand)
 E - a +4 ring of strength (right hand)
 F - an amulet of guardian spirit (around neck)
 G - an uncursed amulet of dismissal
 I - an uncursed ring of protection from magic
 S - an uncursed ring of poison resistance {unknown}
Wands
 t - a wand of iceblast (8/15)
 y - a wand of slowing (38/48)
 B - a wand of polymorph (6/24)
 J - a wand of confusion (48/48)
 L - a wand of iceblast (4/15)
 N - a wand of digging (7/24)
 Q - a wand of polymorph (16/24)
Scrolls
 k - a scroll of torment {unknown}
 l - a scroll of enchant weapon
 q - a scroll of teleportation
 x - 2 scrolls of amnesia
 A - 4 scrolls of remove curse
 R - a scroll of enchant armour
Potions
 d - 2 potions of might
 e - a potion of degeneration
 h - 4 potions of curing
 j - 4 potions of berserk rage
 m - 3 potions of agility
 o - a potion of brilliance
 r - 2 potions of cure mutation
 u - a potion of flight
 v - a potion of haste
 K - 2 potions of ambrosia
 W - a potion of cancellation {unknown}
Miscellaneous
 D - an ornate deck of defence
 X - a plain deck of changes {drawn: 2}
Comestibles
 f - 15 bread rations
 i - 7 meat rations
 s - 20 fruits
 Y - a slice of pizza


   Skills:
 + Level 14.9 Fighting
   Level 6.4(9.7) Axes
 - Level 11.2(11.8) Maces & Flails
 - Level 11.0 Armour
 - Level 11.8 Shields
 * Level 12.6 Invocations
 - Level 3.1 Evocations


You had 8 spell levels left.
You knew the following spells:

 Your Spells              Type           Power        Failure   Level  Hunger
a - Song of Slaying       Chrm           #.......     95%         2    ###....
b - Regeneration          Chrm/Necr      #.........   99%         3    ####...


Dungeon Overview and Level Annotations

Branches:
Dungeon (9/15)             Temple (1/1) D:4            Lair (8/8) D:9
  Swamp (0/4) Lair:4        Snake (0/4) Lair:5        Slime (0/6) Lair:7
    Orc: D:9-12

Altars:
Ashenzari
Cheibriados
Dithmenos
Elyvilon
Fedhas
Gozag
Kikubaaqudgha
Makhleb
Nemelex Xobeh
Okawaru
Pakellas
Qazlal
Ru
Sif Muna
Trog
Vehumet
Xom
Yredelemnul
Zin
The Shining One
Jiyva


Innate Abilities, Weirdness & Mutations

You reflexively headbutt those who attack you in melee.
You have a pair of horns on your head.
You are partially covered in molten scales (AC +1).


Message History

Your +2 cloak unmelds from your body.
The +2 hat of the Morning {rC+ rCorr} unmelds from your body.
Your +0 troll leather armour unmelds from your body.
The eight-headed hydra closely misses you.
You furiously retaliate!
You headbutt the eight-headed hydra! The eight-headed hydra bites you.
* * * LOW HITPOINT WARNING * * *
The eight-headed hydra closely misses you.
The eight-headed hydra bites you but does no damage.
You block the eight-headed hydra's attack. x2
The eight-headed hydra closely misses you.
The eight-headed hydra bites you!
* * * LOW HITPOINT WARNING * * *
Read which item? (? for menu, Esc to quit)
As you read the scroll of teleportation, it crumbles to dust.
You feel strangely unstable. The eight-headed hydra bites you.
* * * LOW HITPOINT WARNING * * *
You block the eight-headed hydra's attack.
The eight-headed hydra bites you!
You die...

###...P## ♣≈.
†.......# ♣♣≈≈/♣
P.....P.# #####P≈≈♣P.
P.......# .#...D....
P......## ##........
....#.#######..PP....
.......#.#P#..†.S#
..............†D.#
............#P.#@#
.....P..)...########
.......P.P.##.####.##
.....##....#..([....#
.....##....##...)..##
...PP.##....#......#
...P...##...##....##
........##...#....#
...#.....##..##..##


You could see an eight-headed hydra, a four-headed hydra and a water moccasin.

Vanquished Creatures
  Maud (Lair:7)
  A minotaur (Lab)
  Josephine (Lair:8)
  4 hydras
  7 death yaks
  Sonja (Lair:3)
  Pikel (D:8)
  A lindwurm (Lair:7)
  2 oklob plants (Lair:6)
  A wolf spider (Lair:8)
  2 griffons
  A hornet (Lair:8)
  A guardian serpent (Lair:8)
  14 elephants
  4 black mambas
  11 spiny frogs
  A torpor snail (Lair:4)
  2 rime drakes (Lair:7)
  4 komodo dragons
  A troll (D:9)
  A minotaur zombie (Lab)
  A two-headed ogre (Volcano)
  A polar bear (Lair:5)
  3 boulder beetles
  7 blink frogs
  2 redbacks (Lair:8)
  3 spriggans
  2 wyverns
  2 basilisks
  3 wraiths (Lair:8)
  22 yaks
  A fire elemental (Lair:3)
  2 hungry ghosts
  A fire bat (Volcano)
  13 hippogriffs
  A hell hound (Volcano)
  18 porcupines
  22 water moccasins
  8 orc warriors
  2 black bears
  A sky beast (D:8)
  3 phantoms
  7 ogres
  2 wasps (Lair:8)
  4 wolves
  5 centaurs
  12 crocodiles
  14 giant frogs
  A gnoll sergeant (D:8)
  2 scorpions
  2 electric eels
  A howler monkey (D:7)
  3 crimson imps
  2 giant frog zombies
  2 jellies
  A quasit (D:9)
  A gnoll shaman (D:8)
  6 orc priests
  Crazy Yiuf (D:3)
  5 hounds
  3 iron imps (D:4)
  Jessica (D:2)
  Ijyb (D:2)
  9 hell rats (Lair:7)
  5 iguanas
  8 orc wizards
  10 worker ants
  21 sheep
  A hound zombie (D:6)
  A hound skeleton (D:9)
  A howler monkey zombie (D:8)
  A worker ant zombie (D:7)
  18 gnolls
  14 adders
  68 river rats
  A shadow imp (D:6)
  2 oozes (D:3)
  2 adder skeletons
  3 adder zombies
  3 worms
  A dart slug (D:3)
  3 giant geckos
  41 orcs
  A ball python (D:3)
  8 giant cockroaches
  13 goblins
  14 hobgoblins
  19 jackals
  10 kobolds
  6 quokkas
  8 bats
  A giant gecko zombie (D:7)
  7 giant newts
  A jackal zombie (D:6)
  27 rats
  A plant (Lair:6)
585 creatures vanquished.

Vanquished Creatures (collateral kills)
  2 yaks (Lair:5)
  4 sheep (Lair:5)
6 creatures vanquished.

Vanquished Creatures (others)
  A hog (Volcano)
  20 fungi
  32 plants
53 creatures vanquished.

Grand Total: 644 creatures vanquished

Notes
Turn   | Place    | Note
--------------------------------------------------------------
     0 | D:1      | Inkary the Minotaur Fighter began the quest for the Orb.
     0 | D:1      | Reached XP level 1. HP: 19/19 MP: 0/0
   104 | D:1      | Reached XP level 2. HP: 20/27 MP: 1/1
   171 | D:1      | Reached skill level 4 in Fighting
   469 | D:2      | Noticed Ijyb
   478 | D:2      | Killed Ijyb
   478 | D:2      | Reached skill level 1 in Axes
   478 | D:2      | Reached XP level 3. HP: 27/33 MP: 2/2
   514 | D:2      | Noticed Jessica
   521 | D:2      | Killed Jessica
   521 | D:2      | Reached XP level 4. HP: 40/41 MP: 3/3
   744 | D:2      | Found an ancient bone altar of Kikubaaqudgha.
  1188 | D:2      | Found a glowing silver altar of Zin.
  1188 | D:2      | Found a white marble altar of Elyvilon.
  1188 | D:2      | Found a glowing golden altar of the Shining One.
  1993 | D:3      | Reached XP level 5. HP: 47/47 MP: 4/4
  2081 | D:3      | Noticed Crazy Yiuf
  2091 | D:3      | Killed Crazy Yiuf
  2091 | D:3      | Reached skill level 5 in Armour
  2091 | D:3      | Reached skill level 5 in Shields
  2483 | D:3      | Found a radiant altar of Vehumet.
  2555 | D:3      | Reached skill level 5 in Fighting
  3072 | D:3      | Reached XP level 6. HP: 55/56 MP: 5/5
  3678 | D:4      | Found a staircase to the Ecumenical Temple.
  3700 | Temple   | Entered the Ecumenical Temple
  3730 | Temple   | Became a worshipper of Warmaster Okawaru
  3796 | D:4      | Found a burning altar of Makhleb.
  3820 | D:4      | Reached XP level 7. HP: 61/61 MP: 6/6
  4016 | D:5      | Entered Level 5 of the Dungeon
  4026 | D:5      | Reached skill level 6 in Fighting
  4096 | D:5      | Reached * piety under Okawaru
  4157 | D:5      | Got an ichor-stained whip
  4307 | D:5      | Reached skill level 5 in Axes
  4448 | D:5      | Found an iron altar of Okawaru.
  4592 | D:5      | Reached XP level 8. HP: 64/71 MP: 7/7
  4736 | D:6      | Identified the cursed +1 whip "Conservator" {drain, rElec Int-4 Dex+2} (You found it on level 5 of the Dungeon)
  4865 | D:6      | Reached skill level 7 in Fighting
  4971 | D:6      | Reached ** piety under Okawaru
  5163 | D:6      | Found a blossoming altar of Fedhas.
  5353 | D:6      | Found an opulent altar of Gozag.
  5871 | D:7      | Reached XP level 9. HP: 81/81 MP: 8/8
  5931 | D:7      | Reached skill level 8 in Fighting
  6040 | D:7      | Found a shadowy altar of Dithmenos.
  6050 | D:7      | Reached *** piety under Okawaru
  6175 | D:7      | Found a basalt altar of Yredelemnul.
  6492 | D:8      | Reached skill level 5 in Maces & Flails
  6508 | D:8      | Found a stormy altar of Qazlal.
  6557 | D:8      | Found a snail-covered altar of Cheibriados.
  6811 | D:8      | Found a sparkling altar of Nemelex Xobeh.
  6816 | D:8      | Noticed Pikel
  6846 | D:8      | Killed Pikel
  6846 | D:8      | Reached skill level 9 in Fighting
  7179 | D:8      | Reached XP level 10. HP: 91/91 MP: 9/9
  7246 | D:8      | Reached **** piety under Okawaru
  7408 | D:9      | Found a staircase to the Lair.
  7528 | D:9      | Reached skill level 10 in Armour
  7532 | D:9      | Reached ***** piety under Okawaru
  7845 | D:9      | Reached skill level 10 in Shields
  7971 | D:9      | Found a bloodstained altar of Trog.
  8167 | D:9      | Reached skill level 10 in Fighting
  8268 | Lair:1   | Entered Level 1 of the Lair of Beasts
  8288 | Lair:1   | Got a polished hat
  8294 | Lair:1   | Identified the +2 hat of the Morning {rC+ rCorr} (You found it on level 1 of the Lair of Beasts)
  8334 | Lair:1   | Noticed a spiny frog
  8335 | Lair:1   | Noticed a spiny frog
  8570 | Lair:1   | Killed a spiny frog
  8634 | D:9      | Killed a spiny frog
  8634 | D:9      | Received a gift from Okawaru
  8634 | D:9      | Reached XP level 11. HP: 76/100 MP: 7/10
  8640 | D:9      | Got a brightly glowing mace {god gift}
  8652 | D:9      | Identified the +2 mace of Moqegug {vamp, *Noise rPois rF+ Dex+6} (Okawaru gifted it to you on level 9 of the Dungeon)
  8724 | Lair:1   | Reached skill level 10 in Maces & Flails
  8882 | Lair:1   | Found a dark tunnel.
  8896 | Volcano  | Entered a volcano
  9607 | Lair:2   | Found a labyrinth entrance.
  9628 | Lab      | Entered a labyrinth
 10120 | Lab      | Noticed a minotaur
 10134 | Lab      | Killed a minotaur
 10134 | Lab      | Received a gift from Okawaru
 10210 | Lair:2   | Reached skill level 11 in Fighting
 10220 | Lair:2   | Identified a +0 rod of inaccuracy (13/13) (You found it in a labyrinth)
 10253 | Lair:2   | Gained mutation: Scrolls take you a little longer to read. [potion of mutation]
 10253 | Lair:2   | Gained mutation: Scrolls take you longer to read. [potion of mutation]
 10253 | Lair:2   | Gained mutation: You have sharp toenails. [potion of mutation]
 10260 | Lair:2   | Learned a level 2 spell: Song of Slaying
 10264 | Lair:2   | Learned a level 3 spell: Regeneration
 10442 | Lair:2   | Got a scorched ring mail
 10453 | Lair:2   | Identified the cursed +0 ring mail of Experimentation {-Cast +Fly Str+5} (You found it on level 2 of the Lair of Beasts)
 10914 | Lair:3   | Noticed Sonja
 10930 | Lair:3   | Killed Sonja
 10930 | Lair:3   | Reached skill level 1 in Invocations
 11641 | Lair:4   | Found a staircase to the Swamp.
 11744 | Lair:4   | Noticed a death yak
 11745 | Lair:4   | Noticed a death yak
 11754 | Lair:4   | Killed a death yak
 11754 | Lair:4   | Received a gift from Okawaru
 11766 | Lair:4   | Killed a death yak
 11766 | Lair:4   | Reached XP level 12. HP: 40/112 MP: 3/13
 11771 | Lair:4   | Got a shimmering plate armour {god gift}
 11846 | Lair:4   | Identified the +1 plate armour of the Flute {Int+2} (Okawaru gifted it to you on level 4 of the Lair of Beasts)
 12133 | Lair:4   | Reached skill level 12 in Fighting
 12622 | Lair:5   | Found a staircase to the Snake Pit.
 12648 | Lair:5   | Noticed a seven-headed hydra
 12659 | Lair:5   | Killed a seven-headed hydra
 12659 | Lair:5   | Reached skill level 1 in Evocations
 12676 | Lair:5   | Reached skill level 5 in Invocations
 12839 | Lair:5   | Hired Akhlabys the naga for 189 gold.
 14153 | Lair:6   | Reached skill level 13 in Fighting
 14717 | Lair:7   | Noticed a four-headed hydra
 14724 | Lair:7   | Killed a four-headed hydra
 14733 | Lair:7   | Lost mutation: Scrolls take you longer to read. [potion of cure mutation]
 14733 | Lair:7   | Lost mutation: Scrolls take you a little longer to read. [potion of cure mutation]
 14733 | Lair:7   | Lost mutation: You have sharp toenails. [potion of cure mutation]
 14734 | Lair:7   | Gained mutation: You are partially covered in molten scales (AC +1). [potion of beneficial mutation]
 14774 | Lair:7   | Noticed Maud
 14811 | Lair:7   | Killed Maud
 14811 | Lair:7   | Reached XP level 13. HP: 97/122 MP: 7/18
 15116 | Lair:7   | Found a staircase to the Slime Pits.
 15117 | Lair:7   | Found a viscous altar of Jiyva.
 15331 | Lair:7   | Reached skill level 10 in Invocations
 15891 | Lair:8   | Entered Level 8 of the Lair of Beasts
 15963 | Lair:8   | Noticed Josephine
 16023 | Lair:7   | Reached skill level 14 in Fighting
 16852 | Lair:8   | Killed Josephine
 16942 | Lair:8   | Reached XP level 14. HP: 103/133 MP: 13/22
 17112 | Lair:8   | Received a gift from Okawaru
 17114 | Lair:8   | Slain by an eight-headed hydra

Skill      XL: |  1  2  3  4  5  6  7  8  9 10 11 12 13 |
---------------+----------------------------------------+-----
Armour         | 4 5 6 8 9 10 11 | 11.0
Fighting       | 4 5 6 7 9 10 11 13 14 | 14.9
Axes           | 1 2 3 4 5 6 |  6.4
Shields        | 4 5 6 7 9 10 11 | 11.8
Maces & Flails | 3 7 9 11 | 11.2
Invocations    | 3 9 12 | 12.6
Evocations     | 3 |  3.1

Action                   |  1- 3 |  4- 6 |  7- 9 | 10-12 | 13-15 || total
-------------------------+-------+-------+-------+-------+-------++-------
Melee: Flail             |    51 |       |       |       |       ||    51
       Headbutt          |     5 |    34 |    99 |   335 |   244 ||   717
       Hand axe          |    16 |   207 |   106 |       |       ||   329
       Spear             |       |     9 |     8 |    50 |       ||    67
       Whip              |       |       |   293 |   310 |       ||   603
       Mace              |       |       |       |   663 |   570 ||  1233
       Kick              |       |       |       |   278 |       ||   278
Invok: Heroism           |       |       |       |     9 |     8 ||    17
       Finesse           |       |       |       |     2 |     2 ||     4
 Abil: Evoke Flight      |       |       |       |     5 |       ||     5
Evoke: Deck              |       |       |       |     2 |       ||     2
  Use: Scroll            |       |     7 |     9 |    16 |    15 ||    47
       Potion            |       |       |     1 |     7 |    10 ||    18
 Stab: Distracted        |       |       |       |       |     1 ||     1
  Eat: Chunk             |       |     9 |    11 |    15 |     4 ||    39
       Fruit             |       |       |     2 |     2 |       ||     4
       Bread ration      |       |       |       |     2 |       ||     2
       Meat ration       |       |       |       |     3 |       ||     3
       Royal jelly       |       |       |       |     2 |       ||     2
       Pizza             |       |       |       |     1 |     2 ||     3
       Beef jerky        |       |       |       |       |     1 ||     1
Armor: Scale mail        |    40 |    80 |   162 |    19 |       ||   301
       Troll leather arm |       |       |       |    80 |    25 ||   105
       Ring mail         |       |       |       |   163 |   105 ||   268
       Plate armour      |       |       |       |    22 |       ||    22
       Skin              |       |       |       |       |    77 ||    77
Dodge: Dodged            |    31 |    53 |   106 |   241 |   176 ||   607
Block: Shield            |    42 |   108 |   209 |   585 |   475 ||  1419
